 Dungeon Crawl Stone Soup version 0.30.0-10-gfe55d96785 (webtiles) character file.

Game seed: 12127221815119127754

2715 Pimp the Skirmisher (level 9, -2/52 HPs)
             Began as a Deep Elf Hunter on May 13, 2023.
             Was a Priest of Okawaru.
             Slain by Pikel
             ... wielding a +1 whip of electrocution
              (5 damage)
             ... on level 6 of the Dungeon.
             The game lasted 00:17:06 (6698 turns).

Pimp the Skirmisher (Deep Elf Hunter)               Turns: 6698, Time: 00:17:07

Health: -2/52      AC: 10    Str:  8    XL:     9   Next: 39%
Magic:  11/11      EV: 17    Int: 15    God:    Okawaru [***...]
Gold:   409        SH:  0    Dex: 22    Spells: 8/8 levels left

rFire   . . .        r - +2 dagger (venom)
rCold   . . .        (no shield)
rNeg    . . .        z - +2 robe {Will+}
rPois   .            d - +1 hat
rElec   .            (no cloak)
rCorr   .            C - +0 pair of gloves
SInv    .            (no boots)
Will    +....        D - amulet of the acrobat
Stlth   ++++         b - +4 ring of slaying
HPRegen 0.28/turn    p - +4 ring of protection
MPRegen 0.12/turn

%: acrobat
@: no status effects
A: no striking features
a: Renounce Religion, Heroism


You were on level 6 of the Dungeon.
You worshipped Okawaru.
Okawaru was most pleased with you.
You visited 1 branch of the dungeon, and saw 7 of its levels.

You collected 489 gold pieces.
You spent 80 gold pieces at shops.

Inventory:

Hand Weapons
 a - a +0 shortbow
 m - a +0 rapier
 o - the +4 trident of Zaeda {heavy, rF+}
   (You took it off an orc on level 6 of the Dungeon)

   rF:        It protects you from fire.
 r - a +2 dagger of venom (weapon)
Armour
 c - a +0 leather armour
 d - a +1 hat (worn)
 z - a +2 robe of willpower (worn)
 C - a +0 pair of gloves (worn)
Jewellery
 b - a +4 ring of slaying (left hand)
 f - a ring of willpower
 g - a ring of wizardry
 i - a +6 ring of strength
 j - a ring of willpower
 p - a +4 ring of protection (right hand)
 A - a +5 ring of evasion
 D - an amulet of the acrobat (around neck)
Wands
 k - a wand of roots (30) (quivered)
Scrolls
 e - 2 scrolls of enchant armour
 h - a scroll of blinking
 q - 4 scrolls of magic mapping
 s - 2 scrolls of fog
 v - 2 scrolls of immolation
 x - 2 scrolls of noise
 y - 2 scrolls of amnesia
 B - a scroll of fear
Potions
 l - a potion of attraction
 t - 3 potions of lignification
 u - a potion of flight {unknown}
 w - a potion of ambrosia {unknown}
 E - a potion of mutation {unknown}
 F - a potion of brilliance


   Skills:
 + Level 4.6 Fighting
 + Level 4.7 Short Blades
 * Level 11.2 Ranged Weapons
 + Level 6.8 Dodging
 + Level 7.0 Stealth


You had 8 spell levels left.
You didn't know any spells.
Your spell library contained the following spells:

 Spells                   Type           Power      Damage    Failure   Level
 Cigotuvi's Dreadful Rot  Necr/Pois/Air  0%         N/A       38%         2
 Ensorcelled Hibernation  Hex/Ice        0%         N/A       38%         2
 Dazzling Flash           Conj/Hex       0%         N/A       63%         3
 Ignite Poison            Fire/Tmut/Pois 0%         N/A       63%         3
 Spider Form              Tmut/Pois      0%         N/A       63%         3
 Volatile Blastmotes      Fire/Tloc      0%         2d10      63%         3
 Anguish                  Hex/Necr       0%         N/A       95%         4
 Iskenderun's Mystic Bla  Conj/Tloc      0%         2d3       95%         4
 Freezing Cloud           Conj/Ice/Air   0%         6-21      100%        5
 Starburst                Conj/Fire      0%         6d3       100%        6


Dungeon Overview and Level Annotations

Branches:
Dungeon (7/15)             Temple (0/1) D:7

Altars:
Dithmenos
Elyvilon
Fedhas
Gozag
Kikubaaqudgha
Nemelex Xobeh
Okawaru
Ru
Xom

Shops:
D:4 *

Annotations:
D:4 2 runed translucent doors, Edyrem's ghost, amateur DsFE
D:5 2 transporters, Nidhogg036's ghost, amateur MiFi
D:6 Pikel


Message History

You shoot an arrow. The arrow closely misses Pikel.
Pikel closely misses you.
You climb upwards.
There is a stone staircase leading down here.
o - the +4 trident of Zaeda (weapon)
{heavy, rF+} You barely miss Pikel.
Pikel is moderately wounded.
Pikel hits you but does no damage. Pikel completely misses you.
You puncture Pikel!
Pikel is heavily wounded.
Pikel hits you with a +1 whip of electrocution.
Pikel says, "You'll feel the lick of my whip!"
Pikel barely misses you.
You barely miss Pikel.
Pikel is heavily wounded.
Pikel barely misses you. Pikel hits you but does no damage.
You closely miss Pikel.
Pikel is heavily wounded.
Pikel hits you but does no damage. Pikel closely misses you.
You hit Pikel.
Pikel is severely wounded.
Pikel hits you but does no damage.
Pikel hits you with a +1 whip of electrocution!
You are electrocuted!
* * * LOW HITPOINT WARNING * * *
Your +2 dagger of venom begins to drip with poison!
r - a +2 dagger of venom (weapon)
Okay, then.
You hit Pikel.
Pikel is severely wounded.
Pikel says, "You'll burn in Gehenna!"
Pikel closely misses you.
You hit Pikel but do no damage.
Pikel is poisoned.
Pikel is severely wounded.
Pikel hits you with a +1 whip of electrocution!
* * * LOW HITPOINT WARNING * * *
You closely miss Pikel.
Pikel is severely wounded.
Pikel hits you with a +1 whip of electrocution.
You die...

##### #.##.# ....#
###.##.# ###.#
#...##.# ....#
#.####.# ######
#.#....# .....#
#.#.#### #....#
#.#...#
#....#########.###.#
)..............K@#.#
#....#########.#.#.#
#....# #.#.#.#
.....# #.#.#.#
....## #.#.#.# ....#
#.#.#.# .####
#.#z#.########### .#
#.#.#...........# .#
#.#.###########.#


You could see Pikel (very poisoned) and a wight.

Vanquished Creatures
  Grinder (D:4)
  A hornet (D:7)
  Sigmund (D:5)
  A wyvern (D:7)
  A steam dragon (D:7)
  2 water moccasins
  Duvessa (D:7)
  A black bear (D:7)
  2 ogres
  A kobold brigand (D:7)
  6 scorpions
  A bullfrog (D:7)
  4 wights (D:6)
  Dowan (D:7)
  2 howler monkeys
  A hound (D:5)
  A sleepcap (D:6)
  A gnoll bouda (D:4)
  2 jellies (D:5)
  Ijyb (D:5)
  3 iguanas
  6 adders
  7 gnolls
  3 ufetubi
  3 worms
  3 dart slugs
  5 orcs
  5 endoplasms
  5 giant cockroaches
  10 goblins
  12 hobgoblins
  14 jackals
  11 kobolds
  A quokka (D:1)
  3 ball pythons
  2 frilled lizards
  2 rats
127 creatures vanquished.

Notes
Turn   | Place    | Note
-------+----------+-------------------------------------------
     0 | D:1      | Pimp the Deep Elf Hunter began the quest for the Orb.
     0 | D:1      | Reached XP level 1. HP: 12/12 MP: 3/3
   288 | D:1      | Reached XP level 2. HP: 17/17 MP: 4/4
   640 | D:1      | Reached XP level 3. HP: 18/21 MP: 5/5
   950 | D:2      | Found a shimmering altar of Xom.
  1118 | D:2      | Reached skill level 6 in Ranged Weapons
  1922 | D:3      | Reached XP level 4. HP: 26/26 MP: 6/6
  2072 | D:3      | Found a faded altar of an unknown god.
  2073 | D:3      | Noticed a shining eye
  2075 | D:3      | Found an iron altar of Okawaru.
  2080 | D:3      | Noticed a golden eye
  2091 | D:3      | Noticed a golden eye
  2095 | D:3      | Noticed a floating eye
  2505 | D:3      | Became a worshipper of Warmaster Okawaru
  2819 | D:4      | Noticed Grinder
  2819 | D:4      | Noticed a scorpion
  2967 | D:4      | Noticed a scorpion
  2973 | D:4      | Killed a scorpion
  2974 | D:4      | Reached skill level 1 in Short Blades
  2974 | D:4      | Reached XP level 5. HP: 31/31 MP: 7/7
  2983 | D:4      | Found a white marble altar of Elyvilon.
  3026 | D:4      | Reached skill level 7 in Ranged Weapons
  3033 | D:4      | Reached * piety under Okawaru
  3034 | D:4      | Reached XP level 6. HP: 36/36 MP: 8/8
  3245 | D:4      | Found a large runed translucent door.
  3246 | D:4      | Found a large runed translucent door.
  3249 | D:4      | Noticed Edyrem's ghost (amateur DsFE)
  3261 | D:4      | Found Nobros's General Store.
  3267 | D:4      | Bought a scroll of immolation for 40 gold pieces
  3267 | D:4      | Bought a scroll of immolation for 40 gold pieces
  3296 | D:4      | Paralysed by Grinder for 2 turns
  3301 | D:4      | Killed Grinder
  3302 | D:4      | Reached XP level 7. HP: 32/40 MP: 9/9
  3432 | D:4      | Found an ancient bone altar of Kikubaaqudgha.
  3432 | D:4      | Found a shadowy altar of Dithmenos.
  3451 | D:4      | Found a sparkling altar of Nemelex Xobeh.
  3454 | D:4      | Found an opulent altar of Gozag.
  3456 | D:4      | Found a blossoming altar of Fedhas.
  3461 | D:4      | Found a sacrificial altar of Ru.
  3716 | D:5      | Entered Level 5 of the Dungeon
  3728 | D:5      | Reached skill level 8 in Ranged Weapons
  4359 | D:5      | Reached skill level 5 in Dodging
  4408 | D:5      | Noticed Ijyb
  4421 | D:5      | Killed Ijyb
  4516 | D:5      | Noticed a yak
  4517 | D:5      | Found a transporter.
  4522 | D:5      | Found a transporter.
  4522 | D:5      | Noticed Nidhogg036's ghost (amateur MiFi)
  4526 | D:5      | Reached skill level 5 in Stealth
  4771 | D:5      | Noticed Sigmund
  4778 | D:5      | Killed Sigmund
  4778 | D:5      | Reached ** piety under Okawaru
  4779 | D:5      | Reached skill level 9 in Ranged Weapons
  4779 | D:5      | Reached XP level 8. HP: 46/46 MP: 10/10
  5141 | D:6      | Identified the +4 trident of Zaeda {heavy, rF+}
  5560 | D:6      | Reached skill level 10 in Ranged Weapons
  6015 | D:7      | Reached *** piety under Okawaru
  6079 | D:7      | Noticed Duvessa
  6082 | D:7      | Noticed Dowan
  6096 | D:7      | Killed Duvessa
  6097 | D:7      | Reached XP level 9. HP: 41/52 MP: 11/11
  6110 | D:7      | Killed Dowan
  6473 | D:7      | Found a staircase to the Ecumenical Temple.
  6497 | D:7      | Reached skill level 11 in Ranged Weapons
  6655 | D:7      | Noticed Pikel
  6698 | D:6      | Slain by Pikel

Illustrated notes

Levels and vault maps discovered:
D:1:      roderic_chinese_lattice_arrival, layout_loops_corners
D:2:      cheibrodos_greedy_goblins, layout_basic, basic_altar, nicolae_titane
D:3:      layout_basic, okawaru_metal_pillars_3,
          hellmonk_ecumenical_altar_watching_god
D:4:      layout_rooms, nicolae_overflow_hallway_of_the_gods,
          mainiacjoe_overflow_alcove_4, serial_shops, shop,
          ebering_ghost_disaster_area, grunt_tough_drop, uniq_grinder
D:5:      layout_loops_ring, gammafunk_ghost_arena, kennysheep_dice,
          uniq_sigmund, uniq_ijyb
D:6:      dreamdust_elfheim, layout_basic
D:7:      layout_basic, minmay_temple_entry_glassed_door, uniq_pikel,
          uniq_duvessa

Skill      XL: |  1  2  3  4  5  6  7  8  9 |
---------------+----------------------------+-----
Stealth        | 2 3 4 5 6 7 |  7.0
Fighting       | 2 3 4 |  4.6
Dodging        | 3 4 5 6 |  6.8
Ranged Weapons | 6 7 9 10 11 | 11.2
Short Blades   | 1 2 3 4 |  4.7

Action                     |  1- 3 |  4- 6 |  7- 9 || total
---------------------------+-------+-------+-------++-------
  Melee: Dagger            |       |    20 |    95 ||   115
         Rapier            |       |     2 |       ||     2
         Punch             |       |       |     4 ||     4
         Trident           |       |       |     9 ||     9
   Fire: Shortbow          |   118 |    74 |   155 ||   347
  Evoke: Wand              |       |       |     1 ||     1
    Use: Scroll            |     6 |     2 |     9 ||    17
         Potion            |       |     3 |     5 ||     8
   Stab: Sleeping          |       |       |     2 ||     2
 Armour: Leather armour    |    12 |    16 |     6 ||    34
         Robe              |       |       |    26 ||    26
  Dodge: Dodged            |    53 |    26 |   135 ||   214
